 Dungeon Crawl Stone Soup version 0.30-a0-857-gcaf70739d4 (webtiles) character file.

Game seed: 1211449540554818668

1243 Newt the Skirmisher (level 8, 0/47 (49) HPs)
             Began as a Kobold Hunter on Mar 6, 2023.
             Slain by a wight
             ... wielding a +4 trident
              (1 damage)
             ... on level 6 of the Dungeon.
             The game lasted 00:04:24 (5840 turns).

Newt the Skirmisher (Kobold Hunter)                 Turns: 5840, Time: 00:04:25

HP:   0/47 (49)     AC:  4    Str:  8    XL:     8   Next: 79%
MP:   8/8           EV: 18    Int: 10    God:
Gold: 299           SH:  0    Dex: 21    Spells: 7/7 levels left

rFire   + . .      SeeInvis .    a - +0 shortbow (flame)
rCold   . . .      Faith    .    (shield currently unavailable)
rNeg    . . .      Spirit   .    c - +0 leather armour
rPois   .          Reflect  .    (no helmet)
rElec   .          Rampage  .    (no cloak)
rCorr   .                        m - +0 pair of gloves
Will    +....                    (no boots)
Stlth   +++                      (no amulet)
HPRegen 0.27/turn                k - ring of fire
MPRegen 0.11/turn                (no ring)

@: lightly drained
A: small, no large weapons, nightstalker 3, cold resistance 1, strong-willed 1
a: no special abilities


You were on level 6 of the Dungeon.
You visited 2 branches of the dungeon, and saw 7 of its levels.

You collected 299 gold pieces.

Inventory:

Hand Weapons
 a - a +0 shortbow of flaming (weapon)
Armour
 c - a +0 leather armour (worn)
 m - a +0 pair of gloves (worn)
Jewellery
 k - a ring of fire (left hand)
 q - a ring of positive energy
Wands
 p - a wand of iceblast (1)
Scrolls
 b - 2 scrolls of immolation
 e - 3 scrolls of amnesia
 o - a scroll of poison
Potions
 d - 4 potions of mutation
 f - a potion of attraction {unknown}
 g - 2 potions of berserk rage {unknown}
 h - 2 potions of curing
 i - a potion of cancellation {unknown}
 j - a potion of heal wounds {unknown}
 l - a potion of might {unknown}
 n - 2 potions of degeneration
 r - a potion of invisibility
 s - a potion of lignification {unknown}


   Skills:
 - Level 5.0 Fighting
 + Level 10.0 Ranged Weapons
 - Level 6.0 Dodging
 - Level 1.3 Stealth
 - Level 5.0 Evocations


You had 7 spell levels left.
You didn't know any spells.
Your spell library contained the following spells:

 Spells                   Type           Power      Damage    Failure   Level
 Slow                     Hex            0%         N/A       50%         1
 Summon Small Mammal      Summ           0%         N/A       50%         1
 Sublimation of Blood     Necr           0%         N/A       63%         2
 Wereblood                Tmut           0%         N/A       63%         2
 Call Canine Familiar     Summ           0%         N/A       86%         3
 Confusing Touch          Hex            0%         N/A       86%         3
 Dazzling Flash           Conj/Hex       0%         N/A       86%         3
 Summon Guardian Golem    Hex/Summ       0%         N/A       86%         3
 Vampiric Draining        Necr           0%         2d6       86%         3
 Iskenderun's Mystic Bla  Conj/Tloc      0%         2d3       99%         4
 Starburst                Conj/Fire      0%         6d3       100%        6
 Summon Hydra             Summ           0%         N/A       100%        7


Dungeon Overview and Level Annotations

Branches:
Dungeon (6/15)             Temple (1/1) D:4

Altars:
Ashenzari
Elyvilon
Fedhas
Gozag
Kikubaaqudgha
Makhleb
Nemelex Xobeh
Okawaru
Qazlal
Ru
Sif Muna
Uskayaw
Vehumet
Wu Jian
Xom
Yredelemnul
Zin

Annotations:
D:4 2 transporters


Innate Abilities, Weirdness & Mutations

You are small and have problems with some larger weapons.
You are completely attuned to the shadows.
Your flesh is cold resistant. (rC+)
You are strong-willed. (Will+)


Message History

Menkaure casts a spell at you. Pain shoots through your body!
* * * LOW HITPOINT WARNING * * *
Aiming: Iceblast
Press: ? - help, Shift-Dir - straight line The mass of ice explodes!
The iceblast engulfs Menkaure!
Menkaure partially resists.
Menkaure is almost destroyed.
You hear a shout!
Unknown command.
You shoot an arrow. The arrow hits Menkaure!
The arrow burns Menkaure.
You destroy Menkaure!
You feel your intelligence returning.
Training target 5.0 for Evocations reached!
Your Evocations skill gained 2 levels and is now at level 5!
You need to enable at least one skill for training.
A wight comes into view. It is wielding a +4 trident.
A wight is nearby!
A wight is nearby!
You are too injured to fight recklessly!
You see here a hound corpse.
Aiming: Iceblast
Press: ? - help, Shift-Dir - straight line, f - wight
Aim: a wight, wielding a +4 trident and wearing a +0 robe The mass of ice explodes!
The iceblast engulfs the wight!
The wight partially resists.
The wight is heavily damaged.
You hear a shout! x2
Fire: a) +0 shortbow (flame)
Press: ? - help, Shift-Dir - straight line, f/p - wight
Aim: a wight, wielding a +4 trident and wearing a +0 robe (heavily damaged, 69% to hit)
You shoot an arrow. The arrow barely misses the wight.
Fire: a) +0 shortbow (flame)
Press: ? - help, Shift-Dir - straight line, f/p - wight
Aim: a wight, wielding a +4 trident and wearing a +0 robe (heavily damaged, 69% to hit)
You shoot an arrow. The arrow barely misses the wight.
The wight hits you from afar with a +4 trident!
* * * LOW HITPOINT WARNING * * *
You feel drained.
You die...

..#.......#...........#
..#.......#...........#
..............<.......#
##.............#......#
###########.#.......
..(..#+#.....
.....z.......
.....†.......
......@..####
......?..# ...........
.......... .........
.......##


You could see a wight.

Vanquished Creatures
  Sigmund (D:2)
  Menkaure (D:6)
  2 black bears
  An ogre (D:4)
  2 scorpions
  4 hounds
  3 jellies
  An orc priest (D:4)
  A sleepcap (D:4)
  Natasha (thrice) (D:4)
  4 iguanas
  2 orc wizards (D:4)
  4 adders
  A shadow imp (D:6)
  A white imp (D:5)
  An ufetubus (D:4)
  A worm (D:4)
  3 dart slugs
  16 orcs
  8 endoplasms
  2 giant cockroaches
  11 goblins
  5 hobgoblins
  4 quokkas
  7 ball pythons
  6 bats
  3 frilled lizards
  6 kobolds
  6 rats
110 creatures vanquished.

Notes
Turn   | Place    | Note
-------+----------+-------------------------------------------
     0 | D:1      | Newt the Kobold Hunter began the quest for the Orb.
     0 | D:1      | Reached XP level 1. HP: 12/12 MP: 1/1
   348 | D:1      | Reached XP level 2. HP: 18/18 MP: 2/2
  1113 | D:2      | Noticed Sigmund
  1240 | D:2      | Reached XP level 3. HP: 18/23 MP: 3/3
  1539 | D:2      | Killed Sigmund
  1540 | D:2      | Reached skill level 5 in Fighting
  1540 | D:2      | Reached skill level 7 in Ranged Weapons
  1540 | D:2      | Reached XP level 4. HP: 12/31 MP: 4/4
  1540 | D:2      | Reached XP level 5. HP: 14/35 MP: 5/5
  1540 | D:2      | Reached XP level 6. HP: 16/40 MP: 6/6
  2298 | D:3      | Found an iron altar of Okawaru.
  3144 | D:4      | Found a staircase to the Ecumenical Temple.
  3150 | Temple   | Entered the Ecumenical Temple
  3421 | D:4      | Noticed an ogre
  3429 | D:4      | Killed an ogre
  3430 | D:4      | Reached skill level 8 in Ranged Weapons
  3536 | D:4      | Reached XP level 7. HP: 35/44 MP: 7/7
  3590 | D:4      | Reached skill level 9 in Ranged Weapons
  3840 | D:4      | Noticed Natasha
  3842 | D:4      | Killed Natasha
  3942 | D:4      | Noticed an ancient zyme
  3952 | D:4      | Found a transporter.
  3961 | D:4      | Noticed Natasha
  3963 | D:4      | Killed Natasha
  3964 | D:4      | Reached skill level 10 in Ranged Weapons
  4040 | D:4      | Noticed Natasha
  4043 | D:4      | Killed Natasha
  4141 | D:4      | Found a transporter.
  4146 | D:4      | Noticed a small abomination
  4398 | D:5      | Entered Level 5 of the Dungeon
  4400 | D:5      | Gained mutation: You are strong-willed. (Will+) [potion of
                  | mutation]
  4400 | D:5      | Gained mutation: Your flesh is cold resistant. (rC+)
                  | [potion of mutation]
  4453 | D:5      | Reached XP level 8. HP: 17/49 MP: 8/8
  5091 | D:5      | Reached skill level 5 in Dodging
  5318 | D:5      | Reached skill level 1 in Evocations
  5812 | D:6      | Noticed Menkaure
  5828 | D:6      | Killed Menkaure
  5829 | D:6      | Reached skill level 5 in Evocations
  5840 | D:6      | HP: 1/49 [wight/+4 trident (10)]
  5840 | D:6      | Slain by a wight

Illustrated notes

Levels and vault maps discovered:
D:1:      lightli_arrival_lavapool, layout_basic
D:2:      layout_loops_ring, chequers_serial_rivers_small_3, uniq_sigmund
D:3:      layout_basic, mainiacjoe_overflow_paths
D:4:      minmay_bubble_buster, layout_basic, minmay_temple_entry_large_hall,
          gammafunk_ghost_abyssal_escape, corexii_checkpoint_a,
          minmay_pentomino_pile, uniq_natasha
D:5:      layout_basic
D:6:      layout_basic, grunt_temple_overflow_diamond, nicolae_overflow_squiral,
          uniq_menkaure, uniq_pikel, uniq_blork_the_orc
Temple:   nicolae_temple_bog_church

Skill      XL: |  1  2  3  4  5  6  7  8 |
---------------+-------------------------+-----
Fighting       | 3 5 |  5.0
Ranged Weapons | 7 8 10 | 10.0
Dodging        | 4 6 |  6.0
Evocations     | 5 |  5.0
Stealth        | |  1.3

Action                     |  1- 3 |  4- 6 |  7- 9 || total
---------------------------+-------+-------+-------++-------
  Melee: Shortbow          |       |       |     2 ||     2
   Fire: Shortbow          |    64 |    50 |   201 ||   315
  Evoke: Wand              |       |       |     3 ||     3
    Use: Scroll            |     6 |     1 |     4 ||    11
         Potion            |     2 |       |     4 ||     6
 Armour: Leather armour    |     7 |       |    21 ||    28
  Dodge: Dodged            |    28 |    15 |   106 ||   149

Table legend: (Time is in decaauts)
 A = Elapsed time spent in this place.
 B = Non-inter-level travel time spent in this place.
 C = Inter-level travel time spent in this place.
 D = Time resting spent in this place.
 E = Time spent auto-exploring this place.
 F = Levels seen in this place.
 G = Mean time per level.
                   A        B        C        D        E       F      G
               +--------+--------+--------+--------+--------+-----+--------+
         Total |   5915 |   5623 |    292 |    608 |   4409 |   7 |  845.0 |
       Dungeon |   5626 |   5353 |    273 |    608 |   4154 |   6 |  937.7 |
        Temple |    289 |    270 |     19 |      0 |    255 |   1 |  289.0 |
               +--------+--------+--------+--------+--------+-----+--------+

Top non-repeatable levels by time:
     D:4: 1372 daAuts
     D:5: 1319 daAuts
     D:1: 1113 daAuts
     D:2: 1000 daAuts
     D:3: 694 daAuts
  Temple: 289 daAuts
     D:6: 125 daAuts
